[Event "Catalan University-ch 2024"]
[Site "Barcelona"]
[Date "2024.02.24"]
[Round "5.8"]
[White "Marzo Pie, Xavier"]
[Black "Mangues Rubia, Alex"]
[Result "1-0"]
[ECO "D70"]
[WhiteElo "2043"]
[BlackElo "1930"]
[Annotator "NA RC"]
[PlyCount "91"]
[EventDate "2024.02.24"]
[EventCountry "ESP"]
[SourceTitle "playchess.com"]
[Source "ChessBase"]
[SourceQuality "1"]
[TimeControl "600+2"]

1. d4 d5 2. c4 c6 3. Nf3 Nf6 4. e3 g6 5. Bd3 Bg7 6. b3 O-O 7. Bb2 Bg4 8. Nbd2 Nbd7 9. O-O Re8 10. Qc2 Rc8 11. h3 Bxf3 12. Nxf3 c5 13. Qe2 e6 14. Rac1 a6 15. Rfd1 Qb6 16. Bb1 Red8 17. dxc5 Nxc5 18. Bd4 Qa5 19. Qb2 Ncd7 20. cxd5 Rxc1 21. Rxc1 Qxd5 22. Bd3 Nh5 23. Bxg7 Nxg7 24. Bc4 Qd6 25. Ng5 Qe5 26. Qxe5 Nxe5 27. Ne4 Nf5 28. Be2 Kf8 29. g4 Nd6 30. Nf6 h6 31. f4 Nd7 32. Nxd7+ Rxd7 33. Bf3 Ke7 34. Kf2 Kd8 35. h4 Rc7 36. Rxc7 Kxc7 37. Ke2 b6 38. Kd3 Nb5 39. a4 Na7 40. Kd4 Kd6 41. Bb7 a5 42. Kc4 Kc7 43. Be4 Kd6 44. Bf3 e5 45. g5 exf4 46. gxh6 1-0

[Event "Catalan University-ch 2024"]
[Site "Barcelona"]
[Date "2024.02.24"]
[Round "5.9"]
[White "Masalias Mira, Marc"]
[Black "Ruiz Lupon, Neri"]
[Result "0-1"]
[ECO "C11"]
[WhiteElo "1826"]
[BlackElo "1968"]
[Annotator "NA RC"]
[PlyCount "85"]
[EventDate "2024.02.24"]
[EventCountry "ESP"]
[SourceTitle "playchess.com"]
[Source "ChessBase"]
[SourceQuality "1"]
[TimeControl "600+2"]

1. e4 e6 2. d4 d5 3. Nc3 Nf6 4. e5 Nfd7 5. Nce2 c5 6. c3 Nc6 7. Nf3 Be7 8. g3 O-O 9. Bh3 Re8 10. O-O Nf8 11. Re1 cxd4 12. cxd4 f6 13. Nf4 f5 14. Ne2 b6 15. a3 Na5 16. b3 Ba6 17. Nc3 Rc8 18. Bb2 Qd7 19. Rc1 Rc7 20. Nd2 Rec8 21. b4 Nc4 22. Nxc4 Bxc4 23. Qd2 Qe8 24. f4 Qh5 25. Bg2 g5 26. Qd1 Qxd1 27. Rexd1 gxf4 28. gxf4 Ng6 29. Kf2 Nxf4 30. Bf1 Bg5 31. Ra1 Bxf1 32. Rxf1 Rxc3 33. Bxc3 Rxc3 34. Rg1 Nh3+ 35. Ke2 Nxg1+ 36. Rxg1 h6 37. h4 Re3+ 38. Kf2 Re4 39. hxg5 h5 40. Rh1 h4 41. Rd1 Kg7 42. Kf3 Kg6 43. a4 0-1

[Event "Catalan University-ch 2024"]
[Site "Barcelona"]
[Date "2024.02.24"]
[Round "6.1"]
[White "Adan Bermudez, Sergio"]
[Black "Castillo Dalmau, Albert"]
[Result "1/2-1/2"]
[ECO "A36"]
[WhiteElo "2299"]
[BlackElo "2313"]
[Annotator "TA"]
[PlyCount "85"]
[EventDate "2024.02.24"]
[EventCountry "ESP"]
[SourceTitle "playchess.com"]
[Source "ChessBase"]
[SourceQuality "1"]
[TimeControl "600+2"]

1. c4 c5 2. Nc3 g6 3. g3 Bg7 4. Bg2 Nc6 5. a3 d6 6. Rb1 a5 7. d3 e5 8. Nd5 Be6 9. Qb3 Rb8 10. Qb6 Qxb6 11. Nxb6 Nge7 12. Nf3 h6 {[%emt 0:00:13] Wards off Ng5} 13. Nd2 Kd8 14. Nd5 Kd7 15. Ne4 b5 16. Nef6+ Bxf6 17. Nxf6+ Kc7 18. Nd5+ Kd7 19. Bd2 h5 20. e3 bxc4 21. dxc4 a4 22. Bc3 Bxd5 23. cxd5 Na7 24. O-O Nb5 25. Bd2 f5 26. Rfc1 Nc7 27. Rc4 Ra8 (27... Rb3 $15 28. e4 Rhb8 29. Rxa4 Rxb2) 28. e4 $11 fxe4 29. Bxe4 Rhb8 30. Bg5 Ra7 (30... Nf5 $11) 31. Bxe7 $14 Kxe7 32. Bxg6 Nxd5 33. Bxh5 Nf6 34. Bd1 (34. Be2 $14) 34... Rab7 $11 35. Rxa4 Rxb2 36. Rxb2 Rxb2 {[%emt 0:00:01][%mdl 4096] Endgame. KRB-KRN} 37. Bf3 (37. Kf1 $1 $11) 37... d5 $17 {[%emt 0:00:01][%mdl 1024] [#] Strongly threatening ...e4. Black has strong compensation.} 38. Ra7+ Ke6 39. Ra6+ Ke7 (39... Kf5 $17 {And now ...e4 would win.} 40. h3 e4 41. g4+ Ke5) 40. Ra7+ $1 $15 Ke6 {[%emt 0:00:00] ...e4 is the strong threat.} 41. Ra6+ Ke7 {[%emt 0:00:08] [#] Hoping for ...e4.} 42. Ra7+ $1 Ke6 (42... Ke8 $17 {Threatens to win with ...e4.} 43. Ra6 Kf7) 43. g4 $2 {[%mdl 40960] Weighted Error Value: White=0.15 (very precise) /Black=0.18 (very precise) .  Loses game:     	White=1     	---        Mistake:       	White=2     	Black=4      Inaccurate:     	White=6     	Black=3      OK:         	White=5     	Black=13     Best:        	White=6     	Black=4      Strong:       	White=2     	---       . An unexpected result.} (43. Ra6+ $11 Kf5 44. h3) 1/2-1/2

[Event "Catalan University-ch 2024"]
[Site "Barcelona"]
[Date "2024.02.24"]
[Round "6.2"]
[White "Alfonso Pellisa, Aaron"]
[Black "Travesset Sagre, Jan"]
[Result "1-0"]
[ECO "B15"]
[WhiteElo "2090"]
[BlackElo "2193"]
[Annotator "RC"]
[PlyCount "47"]
[EventDate "2024.02.24"]
[EventCountry "ESP"]
[SourceTitle "playchess.com"]
[Source "ChessBase"]
[SourceQuality "1"]
[TimeControl "600+2"]

1. e4 c6 2. d4 d5 3. Nc3 a6 4. a3 dxe4 5. Nxe4 Bf5 6. Ng3 Bg6 7. N1e2 e6 8. Nf4 Bd6 9. h4 Qc7 10. h5 Bxc2 11. Qg4 Ne7 12. Bc4 Bf5 13. Nxf5 Qa5+ 14. Bd2 Qxf5 15. Qf3 Bxf4 16. Bxf4 Nd5 17. Bxd5 Qxd5 18. Qg3 O-O 19. Bh6 Qxd4 20. Rh4 Qxb2 21. Bxg7 Qxg7 22. Rg4 Qxg4 23. Qxg4+ Kh8 24. h6 1-0

[Event "Catalan University-ch 2024"]
[Site "Barcelona"]
[Date "2024.02.24"]
[Round "6.3"]
[White "Sole Pijuan, Ferran"]
[Black "Marzo Pie, Xavier"]
[Result "0-1"]
[ECO "A42"]
[WhiteElo "2136"]
[BlackElo "2043"]
[Annotator "NA"]
[PlyCount "52"]
[EventDate "2024.02.24"]
[EventCountry "ESP"]
[SourceTitle "playchess.com"]
[Source "ChessBase"]
[SourceQuality "1"]
[TimeControl "600+2"]

1. d4 g6 2. c4 Bg7 3. Nc3 d6 4. e4 Nc6 5. Be3 e5 6. d5 Nce7 7. c5 f5 8. cxd6 cxd6 9. Qa4+ Bd7 10. Qb4 Nf6 11. Qxd6 Nxe4 12. Nxe4 fxe4 13. Qb4 Nxd5 14. Qxe4 Nxe3 15. Qxe3 Bc6 16. Nf3 Bxf3 17. Qxf3 Qa5+ 18. Qc3 Qxc3+ 19. bxc3 e4 20. Rc1 O-O-O 21. Bc4 Rhe8 22. Ke2 e3 23. fxe3 Bh6 24. Rcd1 Rxe3+ 25. Kf2 Rf8+ 26. Kg1 Re4 0-1

[Event "Catalan University-ch 2024"]
[Site "Barcelona"]
[Date "2024.02.24"]
[Round "6.4"]
[White "Martinez Lopez, Carlos"]
[Black "De Lomas Busquets, Alba"]
[Result "1-0"]
[ECO "B53"]
[WhiteElo "2006"]
[BlackElo "1883"]
[Annotator "NA RC"]
[PlyCount "53"]
[EventDate "2024.02.24"]
[EventCountry "ESP"]
[SourceTitle "playchess.com"]
[Source "ChessBase"]
[SourceQuality "1"]
[TimeControl "600+2"]

1. e4 c5 2. Nf3 d6 3. d4 cxd4 4. Qxd4 Nf6 5. Be2 Nc6 6. Qe3 Ng4 7. Qd2 g6 8. h3 Nf6 9. Qe3 Bg7 10. O-O O-O 11. Rd1 Qc7 12. c4 b6 13. Nc3 a6 14. Rb1 Bb7 15. b3 Rac8 16. Bb2 Rfd8 17. Rbc1 h6 18. Rd2 Ba8 19. Nd5 Nxd5 20. cxd5 Qa7 21. dxc6 e5 22. Ba3 Bf8 23. Rdc2 Rc7 24. Bc4 Rdc8 25. Bd5 Kg7 26. Bb2 Qb8 27. Nxe5 1-0

[Event "Catalan University-ch 2024"]
[Site "Barcelona"]
[Date "2024.02.24"]
[Round "6.5"]
[White "Ruiz Lupon, Neri"]
[Black "Gomez Navais, Marcal"]
[Result "0-1"]
[ECO "B25"]
[WhiteElo "1968"]
[BlackElo "2081"]
[Annotator "NA RC"]
[PlyCount "146"]
[EventDate "2024.02.24"]
[EventCountry "ESP"]
[SourceTitle "playchess.com"]
[Source "ChessBase"]
[SourceQuality "1"]
[TimeControl "600+2"]

1. e4 c5 2. Nc3 Nc6 3. g3 g6 4. Bg2 Bg7 5. d3 d6 6. Nge2 Rb8 7. O-O b5 8. f4 e6 9. g4 b4 10. Nb1 Nge7 11. Ng3 O-O 12. Nd2 d5 13. e5 f6 14. exf6 Bxf6 15. Nf3 e5 16. fxe5 Nxe5 17. Nxe5 Bxe5 18. Bg5 Bb7 19. Qe2 Qd6 20. Bxe7 Qxe7 21. Rfe1 Bd4+ 22. Kh1 Qxe2 23. Rxe2 Bxb2 24. Rae1 Bf6 25. Re6 Rbd8 26. Rf1 Kg7 27. Ne2 Bc8 28. Rc6 Bxg4 29. Nf4 Be5 30. Ne6+ Bxe6 31. Rxe6 Rxf1+ 32. Bxf1 Bd6 33. Bg2 d4 34. Bc6 Kf8 35. Bb5 Be7 36. Ra6 Rb8 37. Bc4 Rb7 38. Rc6 Rb6 39. Rc7 a6 40. Kg2 Ke8 41. Ra7 h6 42. Bxa6 Re6 43. Kf3 Bd6 44. Rh7 h5 45. Bc4 Re3+ 46. Kf2 Bxh2 47. Bb3 Bg3+ 48. Kg2 h4 49. Rh6 g5 50. Rh5 g4 51. Rh8+ Ke7 52. Rh7+ Kf6 53. Rf7+ Kg6 54. Rf1 h3+ 55. Kh1 Be5 56. Be6 Rg3 57. Rg1 Rxg1+ 58. Kxg1 Kg5 59. Bd5 Bg3 60. Be6 Kf4 61. Kf1 Bh4 62. Kg1 Kg3 63. Kh1 Bg5 64. Kg1 Be3+ 65. Kh1 Kh4 66. Bd5 g3 67. Bf3 Kg5 68. Be4 Kf4 69. Bd5 Ke5 70. Be4 Kd6 71. Bf3 Kc7 72. Bd5 Kb6 73. Be4 Ka5 0-1

[Event "Catalan University-ch 2024"]
[Site "Barcelona"]
[Date "2024.02.24"]
[Round "6.6"]
[White "Roca Planas, Edgar"]
[Black "Ros Alonso, Joana"]
[Result "1-0"]
[ECO "C15"]
[WhiteElo "2248"]
[BlackElo "2033"]
[Annotator "TA"]
[PlyCount "115"]
[EventDate "2024.02.24"]
[EventCountry "ESP"]
[SourceTitle "playchess.com"]
[Source "ChessBase"]
[SourceQuality "1"]
[TimeControl "600+2"]

1. e4 e6 2. d4 d5 3. Nc3 Bb4 4. a3 Bxc3+ 5. bxc3 Ne7 6. Qg4 O-O 7. e5 f5 8. Qg3 c5 9. Nf3 Qc7 10. Bd2 cxd4 11. cxd4 Qxc2 12. Be2 Nbc6 13. O-O (13. Rc1 $15 Qb2 14. Qf4) 13... Nxd4 $1 $17 14. Nxd4 Qxd2 15. Rfd1 Qa5 $1 16. Rac1 Bd7 17. Nb3 Qd8 (17... Qxa3 $19 {...Ba4 is the strong threat.} 18. Rc7 Ba4) 18. f4 (18. Nc5 $17) 18... Rc8 {[%emt 0:00:17] White must now prevent ...Rxc1.} 19. Qe3 (19. Nc5 $17 {might work better.}) 19... Ba4 $19 20. Rxc8 Nxc8 21. Rc1 Bxb3 22. Qxb3 Qb6+ 23. Qxb6 Nxb6 (23... axb6 24. Rc7 $16) 24. Rc7 Rf7 25. Rc5 h6 26. Bh5 Re7 27. Bg6 Kf8 (27... d4 $19 {...d3 would now be deadly.} 28. Kf2 Rd7) 28. a4 a5 $1 (28... Nxa4 29. Rc8+) 29. Rxa5 ({Better is} 29. g4) 29... Rc7 $17 30. Ra7 (30. g4 $17 {is a better defense.}) 30... Ke7 (30... d4 $1 $19 {[%cal Rd4d3] Hoping for ...d3.} 31. a5 Nd5) 31. a5 $15 Nc8 32. Ra8 Kd7 33. g3 Rc1+ (33... Rc6 $15 {was preferrable.}) 34. Kf2 $11 Ra1 35. Ke3 b5 {[%emt 0:00:41] [#]} (35... Ra3+ $11 36. Kd4 Ra1) 36. g4 (36. Bf7 $1 $16 {aiming for Ra6.} Ke7 37. Bg6) 36... Kc7 (36... fxg4 $11 37. f5 Re1+ 38. Kd3 (38. Kd4 Ne7 $16) 38... Rxe5) 37. gxf5 $16 exf5 (37... Kb7 $2 38. f6 gxf6 (38... Kxa8 $2 39. f7 $18) 39. exf6 $18) (37... Ne7 $16) 38. Bxf5 $18 Ne7 39. Ra7+ Kd8 40. Be6 b4 41. Kd3 $2 (41. f5 $18) 41... Ra3+ {[%emt 0:00:01] [#]} ({Black should play} 41... Ng6 $1 $14 42. Ke3 (42. Bxd5 Nxf4+ 43. Ke4 Nxd5 $11) (42. Rd7+ Ke8 $17) 42... b3) 42. Kc2 (42. Kd2 $142 $1) 42... Rc3+ $2 (42... Nc6 $16 43. Ra8+ (43. Rxg7 $2 {is the wrong capture.} Nd4+ 44. Kb1 Nxe6 $19) 43... Ke7 44. Bxd5 Rxa5 45. Bxc6 Rc5+ 46. Kd3 Rxc6) 43. Kb2 d4 $2 (43... Ng6 44. Rd7+ (44. Rxg7 Nxf4 45. Bf5 Ra3 $18) 44... Ke8) 44. Rd7+ $18 Ke8 45. Rxd4 Nc6 46. Bd7+ Ke7 47. Bxc6 Rxc6 48. Rxb4 Ra6 49. Rb5 Kd7 50. f5 Kc6 51. Rb6+ $1 Rxb6+ 52. axb6 Kxb6 53. Kc3 Kc6 54. Kd4 Kd7 55. Kd5 Ke7 56. h4 h5 57. Ke4 Kf7 58. Kf4 1-0

[Event "Catalan University-ch 2024"]
[Site "Barcelona"]
[Date "2024.02.24"]
[Round "6.7"]
[White "Garcia Escoda, Marc"]
[Black "Gonzalez Alonso, Marti"]
[Result "0-1"]
[ECO "A15"]
[WhiteElo "2074"]
[BlackElo "2012"]
[Annotator "NA RC"]
[PlyCount "126"]
[EventDate "2024.02.24"]
[EventCountry "ESP"]
[SourceTitle "playchess.com"]
[Source "ChessBase"]
[SourceQuality "1"]
[TimeControl "600+2"]

1. Nf3 Nf6 2. g3 g6 3. Bg2 Bg7 4. b3 b6 5. Bb2 Bb7 6. O-O O-O 7. c4 e6 8. Qc2 c5 9. Nc3 d5 10. cxd5 exd5 11. d4 Nbd7 12. Rfd1 Qe7 13. Rac1 Rac8 14. Ba3 Rfd8 15. e3 Qe8 16. Qe2 a6 17. Bh3 Rc7 18. Bg2 c4 19. bxc4 Rxc4 20. Nd2 Rc7 21. Na4 Rdc8 22. Rxc7 Rxc7 23. Qd3 Bf8 24. Rb1 b5 25. Bxf8 Qxf8 26. Nb2 Nb6 27. Nd1 Qc8 28. Nb3 Na4 29. Qd2 Rc2 30. Rc1 Rxc1 31. Qxc1 Qxc1 32. Nxc1 Ne4 33. Nd3 f5 34. Kf1 Kf7 35. Ke1 Ke7 36. f3 Nec3 37. Nxc3 Nxc3 38. Nc1 b4 39. Kd2 a5 40. Bf1 Bc6 41. a3 Nb1+ 42. Kc2 Nxa3+ 43. Kb3 Kd6 44. Ba6 Nb1 45. f4 Nc3 46. Nd3 Ba4+ 47. Kb2 Nd1+ 48. Kc1 Nxe3 49. Ne5 Be8 50. Kb2 a4 51. Bb7 Nf1 52. Nf3 Bb5 53. Bc8 Bc4 54. Bb7 a3+ 55. Kb1 b3 56. Ng5 Nxh2 57. Nxh7 Nf1 58. Nf8 Nd2+ 59. Kc1 b2+ 60. Kxd2 b1=Q 61. Nxg6 Qd3+ 62. Kc1 Qe3+ 63. Kb1 a2+ 0-1

[Event "Catalan University-ch 2024"]
[Site "Barcelona"]
[Date "2024.02.24"]
[Round "6.8"]
[White "Pueyo Amoros, Pau"]
[Black "Sayrol Clols, Josep Maria"]
[Result "0-1"]
[ECO "C01"]
[WhiteElo "1858"]
[BlackElo "1991"]
[Annotator "NA"]
[PlyCount "115"]
[EventDate "2024.02.24"]
[EventCountry "ESP"]
[SourceTitle "playchess.com"]
[Source "ChessBase"]
[SourceQuality "1"]
[TimeControl "600+2"]

1. d4 Nf6 2. c4 e5 3. e3 exd4 4. exd4 d5 5. Nf3 Be7 6. Nc3 O-O 7. h3 c6 8. Bd3 dxc4 9. Bxc4 Nbd7 10. O-O Nb6 11. Bb3 Bf5 12. Bf4 Nfd5 13. Be5 Bf6 14. Qd2 Re8 15. Rfe1 a5 16. a3 a4 17. Ba2 Bg6 18. Rac1 Rc8 19. Ne4 Bxe4 20. Rxe4 Qd7 21. Rce1 Qf5 22. Qe2 Nd7 23. Bb1 Bxe5 24. Rxe5 Rxe5 25. Bxf5 Rxe2 26. Rxe2 N5f6 27. Re7 Rd8 28. Ne5 Nxe5 29. dxe5 Nd5 30. Rxb7 g6 31. Be4 Rc8 32. g3 Ra8 33. Kf1 Ra5 34. Ke2 Rc5 35. Kd2 f5 36. exf6 Nxf6 37. Bg2 Ne8 38. Rb8 Kf7 39. Rc8 Nd6 40. Rxc6 Nc4+ 41. Ke2 Re5+ 42. Kf3 Nxb2 43. Rc2 Nd3 44. Rc7+ Kf6 45. Bf1 Rf5+ 46. Ke4 Nxf2+ 47. Kd4 Rf3 48. Ra7 Rxa3 49. Bb5 Rxg3 50. Bxa4 h5 51. h4 Rg4+ 52. Ke3 Ne4 53. Kf3 Nd2+ 54. Ke3 Nc4+ 55. Kf3 Ne5+ 56. Ke3 Rxh4 57. Bb3 Rh3+ 58. Kd4 0-1

[Event "Catalan University-ch 2024"]
[Site "Barcelona"]
[Date "2024.02.24"]
[Round "6.9"]
[White "Marti Olivella, Gerard"]
[Black "Marabajan Navas, Saul"]
[Result "0-1"]
[ECO "B23"]
[WhiteElo "1869"]
[BlackElo "2036"]
[Annotator "NA"]
[PlyCount "84"]
[EventDate "2024.02.24"]
[EventCountry "ESP"]
[SourceTitle "playchess.com"]
[Source "ChessBase"]
[SourceQuality "1"]
[TimeControl "600+2"]

1. e4 c5 2. Nc3 Nc6 3. f4 g6 4. Nf3 Bg7 5. Bb5 Nd4 6. O-O a6 7. Bd3 e6 8. Nxd4 Bxd4+ 9. Kh1 Bg7 10. Ne2 d5 11. c3 dxe4 12. Bxe4 Nf6 13. Bf3 O-O 14. d4 cxd4 15. Nxd4 Nd5 16. c4 Nxf4 17. Bxf4 Bxd4 18. Qe2 f6 19. Rad1 e5 20. Bh6 Re8 21. Bd5+ Be6 22. Bxb7 Rb8 23. Bxa6 Qe7 24. b3 g5 25. Qf3 Rb6 26. Bb5 Bd7 27. Bxd7 Qxd7 28. h4 gxh4 29. Qh5 Qf7 30. Qxh4 f5 31. Bc1 Ra8 32. Qg5+ Rg6 33. Qxf5 Qxf5 34. Rxf5 Rxa2 35. Rdf1 Ra8 36. Rf7 h5 37. Kh2 e4 38. Kh3 e3 39. Re1 Re8 40. Ba3 Kxf7 41. c5 e2 42. c6 Rxc6 0-1

[Event "Catalan University-ch 2024"]
[Site "Barcelona"]
[Date "2024.02.24"]
[Round "6.10"]
[White "Ros Roger, Alexandre"]
[Black "Masalias Mira, Marc"]
[Result "0-1"]
[ECO "E32"]
[WhiteElo "1739"]
[BlackElo "1826"]
[Annotator "NA RC"]
[PlyCount "62"]
[EventDate "2024.02.24"]
[EventCountry "ESP"]
[SourceTitle "playchess.com"]
[Source "ChessBase"]
[SourceQuality "1"]
[TimeControl "600+2"]

1. d4 Nf6 2. c4 e6 3. Nc3 Bb4 4. Qc2 b6 5. Bg5 c5 6. e3 Bb7 7. Nf3 h6 8. Bh4 g5 9. Bg3 Ne4 10. Be2 h5 11. O-O-O Bxc3 12. bxc3 h4 13. Bd3 f5 14. Be5 Rg8 15. h3 Na6 16. Rhf1 d6 17. Bh2 Qd7 18. Nd2 Nxd2 19. Rxd2 Bxg2 20. Rg1 Bxh3 21. Be2 O-O-O 22. d5 e5 23. e4 f4 24. Bf3 g4 25. Be2 g3 26. fxg3 hxg3 27. Bxg3 Rxg3 28. Rxg3 fxg3 29. Bf3 Rf8 30. Qd1 Qg7 31. Qg1 Rxf3 0-1